 Dungeon Crawl Stone Soup version 0.25-a0-435-g4b9beb1024 (webtiles) character file.

Game seed: 17158416593594338400, levelgen mode: deterministic

56 Archen the Chopper (level 3, 0/33 HPs)
             Began as a Minotaur Berserker on Jan 28, 2020.
             Was a Follower of Trog.
             Slain by a worm (7 damage)
             ... on level 2 of the Dungeon.
             The game lasted 00:01:36 (745 turns).

Archen the Chopper (Minotaur Berserker)              Turns: 745, Time: 00:01:37

Health: 0/33       AC:  3    Str: 22    XL:     3   Next: 69%
Magic:  2/2        EV: 12    Int:  4    God:    Trog [*.....]
Gold:   71         SH:  0    Dex:  9    Spells: 2/2 levels left

rFire    . . .     SeeInvis .   a - +0 hand axe
rCold    . . .     Gourm    .   (no shield)
rNeg     . . .     Faith    .   j - +0 leather armour
rPois    .         Spirit   .   (helmet restricted)
rElec    .         Reflect  .   (no cloak)
rCorr    .         Harm     .   (no gloves)
MR       .....                  (no boots)
Stlth    +.........             (no amulet)
HPRegen  0.11/turn              (no ring)
MPRegen  0.08/turn              (no ring)

@: no status effects
A: retaliatory headbutt, horns 2
a: Berserk, Renounce Religion


You were on level 2 of the Dungeon.
You worshipped Trog.
Trog was aware of your devotion.
You were not hungry.

You visited 1 branch of the dungeon, and saw 2 of its levels.

You collected 71 gold pieces.

Inventory:

Hand Weapons
 a - a +0 hand axe (weapon)
Armour
 b - a +0 animal skin
 j - a +0 leather armour (worn)
Scrolls
 h - 2 scrolls of identify {unknown}
 i - a scroll of teleportation {unknown}
 k - a scroll of magic mapping {unknown}
Potions
 e - a potion of berserk rage {unknown}
 f - a potion of agility {unknown}
 g - a potion of flight {unknown}
Comestibles
 c - 2 rations
 d - 10 chunks of flesh


   Skills:
 + Level 4.1 Fighting
 * Level 4.5 Axes
 + Level 3.1 Armour
 + Level 2.8 Dodging


You had 2 spell levels left.
You didn't know any spells.
Your spell library was empty.

Dungeon Overview and Level Annotations

Branches:
Dungeon (2/15)

Altars:


Innate Abilities, Weirdness & Mutations

You reflexively headbutt those who attack you in melee.
You have a pair of horns on your head.


Message History

You feel sick.
A worm comes into view.
You feel sick.
You feel sick.
You hit the worm.
The worm is moderately wounded.
You feel sick.
You are no longer poisoned.
You hit the worm.
The worm is heavily wounded.
The worm barely misses you.
You hit the worm.
The worm is heavily wounded.
The worm closely misses you.
You hit the worm.
The worm is heavily wounded.
You barely miss the worm.
The worm is heavily wounded.
The worm bites you!
You die...

..#####..........#..#
##.#....#.....# #......##..###
##......##..... #<.......##.....
######## ####.#..).##.....
......... #....#....##.....
#...##....###....#..#.##.....
#...+......w@....##.#.##.....
#...#########....##.#.##..###
#................##...##..# #
....#..########.....###..##..###
....#..#..#####.....# #.........
..................#### #.........
#....#.###.####...######.>.....##
............# #...##.............
.....#.###..###...##....##.#.....


You could see a worm.

Vanquished Creatures
  2 adders (D:2)
  2 oozes
  A dart slug (D:1)
  5 bats (D:1)
  2 giant cockroaches (D:1)
  2 hobgoblins (D:1)
  2 jackals (D:2)
  2 kobolds
  3 goblins (D:2)
  7 rats
28 creatures vanquished.

Notes
Turn   | Place    | Note
-------+----------+-------------------------------------------
     0 | D:1      | Archen the Minotaur Berserker began the quest for the Orb.
     0 | D:1      | Reached XP level 1. HP: 19/19 MP: 0/0
    84 | D:1      | Reached XP level 2. HP: 14/27 MP: 1/1
   483 | D:1      | You fall into a shaft and drop 1 floor!
   500 | D:2      | Reached XP level 3. HP: 31/33 MP: 2/2
   745 | D:2      | Slain by a worm

Levels and vault maps discovered:
D:1:      noname_arrival_rooms_in_the_neighbourhood, layout_loops_corners
D:2:      layout_basic

Skill      XL: |  1  2  3 |
---------------+----------+-----
Axes           | 4 |  4.5
Fighting       | 4 |  4.1
Armour         | 3 |  3.1
Dodging        | |  2.8

Action                   || total
-------------------------++-------
Melee: Hand axe          ||    63
       Headbutt          ||     5
Armor: Animal skin       ||    12
       Leather armour    ||     1
Dodge: Dodged            ||    37

Table legend:
 A = Non-vault XP
 B = Vault XP
 C = Vault XP percentage of total XP
 D = Non-vault monster count
 E = Vault monster count
 F = Vault count percentage of total count
                 A         B        C        D         E       F
            +---------+---------+-------+---------+---------+-------
      Total |      80 |       0 |   0.0 |      28 |       0 |   0.0
            +---------+---------+-------+---------+---------+-------
        D:1 |      33 |       0 |   0.0 |      17 |       0 |   0.0
        D:2 |      47 |       0 |   0.0 |      11 |       0 |   0.0
            +---------+---------+-------+---------+---------+-------
